 Dungeon Crawl Stone Soup version 0.31-a0-472-g43a2ca8e1b (webtiles) character file.

Game seed: 5051802956905623473

352988 Omnilove the Wrestler (level 22, -5/194 HPs)
             Began as an Octopode Shapeshifter on Aug 6, 2023.
             Was an Initiate of Gozag.
             Slain by a +5 bardiche of flaming (32 damage)
             ... on level 2 of the Elven Halls.
             The game lasted 04:00:06 (45848 turns).

Omnilove the Wrestler (Octopode Shapeshifter)      Turns: 45848, Time: 04:00:06

Health: -5/194     AC: 23    Str: 44    XL:     22   Next: 26%
Magic:  22/22      EV: 33    Int: 18    God:    Gozag
Gold:   2228       SH:  0    Dex: 14    Spells: 21/21 levels left

rFire   + +          +
                       - Unarmed
rCold   + + .        (shield currently unavailable)
rNeg    + . .        (helmet currently unavailable)
rPois   +            r - amulet of Iniu {Will+ Regen+}
rElec   .            E - ring of Beybeh {rPois rC+ rN+ Int+6 Dex-4}
rCorr   +            Z - ring of the Hare {EV+10}
SInv    +            m - ring of Ruklyi {rC+ rCorr Str+5 SInv}
Will    +++..        a - ring of Zuyneluh {rF+++ Str+7 Dex+6}
Stlth   ++++         h - ring "Raoromn" {Will+ Str+3}
HPRegen 1.32/turn    o - +4 ring of protection
MPRegen 0.18/turn    d - +4 ring of protection
                     K - +5 ring of evasion

%: no passive effects
@: lethally poisoned (-5 -> -6), about to teleport, snake-form
A: constrict, boosted hp, almost no armour, amphibious, 8 rings, large,
(camouflage 1), (gelatinous body 1), (nimble swimmer 1), (tentacles)
}: 2/15 runes: decaying, serpentine
a: Begin Untransformation, Renounce Religion, Potion Petition, Call Merchant,
Bribe Branch


You were on level 2 of the Elven Halls.
You worshipped Gozag.
Gozag was most pleased with you.
You were an enormous anaconda.
You visited 9 branches of the dungeon, and saw 38 of its levels.
You also visited: Ice Cave and Wizlab.

You collected 19451 gold pieces.
You spent 10190 gold pieces at shops.
You paid 7033 gold pieces to Gozag.

Inventory:

Missiles
 p - 27 poisoned darts
 t - 6 javelins
 y - 2 curare-tipped darts
 C - 3 throwing nets
Armour
 l - the +0 hat "Gigiut" {rF+}
   (You found it in a wizard's laboratory)

   rF:        It protects you from fire.
Jewellery
 a - the ring of Zuyneluh (on tentacle) {rF+++ Str+7 Dex+6}
   (You bought it in a shop on level 9 of the Dungeon)

   [ring of dexterity]

   Str:       It affects your strength (+7).
   Dex:       It affects your dexterity (+6).
   rF:        It renders you almost immune to fire.
 d - a +4 ring of protection (on tentacle)
 h - the ring "Raoromn" (on tentacle) {Will+ Str+3}
   (You bought it in a shop on level 9 of the Dungeon)

   [ring of willpower]

   Str:       It affects your strength (+3).
   Will:      It increases your willpower.
 m - the ring of Ruklyi (on tentacle) {rC+ rCorr Str+5 SInv}
   (You bought it in a shop on level 2 of the Orcish Mines)

   [ring of protection from cold]

   Str:       It affects your strength (+5).
   rC:        It protects you from cold.
   SInv:      It lets you see invisible.
   rCorr:     It protects you from acid and corrosion.
 o - a +4 ring of protection (on tentacle)
 r - the amulet of Iniu (around neck) {Will+ Regen+}
   (You bought it in a shop on level 9 of the Dungeon)

   [amulet of regeneration]

   Regen:     It increases your rate of health regeneration.
   Will:      It increases your willpower.
 E - the ring of Beybeh (left tentacle) {rPois rC+ rN+ Int+6 Dex-4}
   (You bought it in a shop on level 9 of the Dungeon)

   [ring of intelligence]

   Int:       It affects your intelligence (+6).
   Dex:       It affects your dexterity (-4).
   rC:        It protects you from cold.
   rPois:     It protects you from poison.
   rN:        It protects you from negative energy.
 K - a +5 ring of evasion (on tentacle)
 Z - the ring of the Hare (right tentacle) {EV+10}
   (You bought it in a shop on level 9 of the Dungeon)

   [ring of evasion]

   EV:        It affects your evasion (+10).
Talismans
 u - a serpent talisman (active)
Wands
 q - a wand of iceblast (37)
 x - a wand of paralysis (25)
 A - a wand of polymorph (8)
 B - a wand of light (37)
 P - a wand of digging (15)
 X - a wand of mindburst (9)
Scrolls
 b - a scroll of identify
 e - 2 scrolls of silence
 k - 4 scrolls of immolation
 n - 4 scrolls of fog
 s - 8 scrolls of fear
 z - 3 scrolls of poison
 G - 3 scrolls of torment
 J - 11 scrolls of teleportation
 L - 7 scrolls of revelation
 M - a scroll of summoning
Potions
 c - 23 potions of curing
 f - a potion of lignification
 g - 5 potions of enlightenment
 i - 3 potions of haste
 j - 5 potions of invisibility
 v - 4 potions of mutation
 w - 3 potions of cancellation
 V - 4 potions of might
 Y - 4 potions of attraction
Miscellaneous
 D - a tin of tremorstones (2/2)
 O - a phial of floods
 S - a sack of spiders
 W - a phantom mirror


   Skills:
 - Level 17.0 Fighting
 - Level 17.1 Dodging
 - Level 10.0 Stealth
 - Level 21.2 Unarmed Combat
 - Level 10.0 Evocations
 * Level 18.5 Shapeshifting


You had 21 spell levels left.
You didn't know any spells.
Your spell library contained the following spells:

 Spells                   Type           Power      Damage    Failure   Level
 Freeze                   Ice            0%         1d3       22%         1
 Kiss of Death            Conj/Necr      0%         2d5       22%         1
 Necrotise                Necr           0%         1d4       22%         1
 Sandblast                Erth           0%         2d4       22%         1
 Shock                    Conj/Air       0%         1d3       22%         1
 Cigotuvi's Dreadful Rot  Necr/Pois/Air  0%         N/A       32%         2
 Ensorcelled Hibernation  Hex/Ice        0%         N/A       32%         2
 Lesser Beckoning         Tloc           0%         N/A       32%         2
 Passwall                 Tmut/Erth      0%         N/A       32%         2
 Poisonous Vapours        Pois/Air       0%         N/A       32%         2
 Static Discharge         Conj/Air       0%         2-2/arc   32%         2
 Call Canine Familiar     Summ           0%         N/A       54%         3
 Confusing Touch          Hex            0%         N/A       54%         3
 Dazzling Flash           Conj/Hex       0%         N/A       54%         3
 Frozen Ramparts          Ice            0%         1d1       54%         3
 Gell's Gravitas          Tloc           0%         N/A       54%         3
 Hailstorm                Conj/Ice       0%         3d3       54%         3
 Ignite Poison            Fire/Tmut/Pois 0%         N/A       54%         3
 Inner Flame              Hex/Fire       0%         N/A       54%         3
 Mephitic Cloud           Conj/Pois/Air  0%         N/A       54%         3
 Ozocubu's Armour         Ice            0%         N/A       54%         3
 Portal Projectile        Hex/Tloc       0%         N/A       54%         3
 Stone Arrow              Conj/Erth      0%         3d7       54%         3
 Swiftness                Air            0%         N/A       54%         3
 Teleport Other           Tloc           0%         N/A       54%         3
 Vampiric Draining        Necr           0%         2d6       54%         3
 Volatile Blastmotes      Fire/Tloc      0%         2d10      54%         3
 Airstrike                Air            0%         2d(0-16)  91%         4
 Anguish                  Hex/Necr       0%         N/A       91%         4
 Cause Fear               Hex            0%         N/A       91%         4
 Dispel Undead            Necr           0%         3d6       91%         4
 Fulminant Prism          Conj/Hex       0%         3d5       91%         4
 Iskenderun's Mystic Bla  Conj/Tloc      0%         2d3       91%         4
 Leda's Liquefaction      Hex/Erth       0%         N/A       91%         4
 Summon Lightning Spire   Summ/Air       0%         N/A       91%         4
 Agony                    Necr           0%         N/A       99%         5
 Fireball                 Conj/Fire      0%         3d3       99%         5
 Freezing Cloud           Conj/Ice/Air   0%         6-21      99%         5
 Iskenderun's Battlesphe  Conj           0%         2d6       99%         5
 Metabolic Englaciation   Hex/Ice        0%         N/A       99%         5
 Summon Forest            Summ/Tloc      0%         N/A       99%         5
 Summon Mana Viper        Hex/Summ       0%         N/A       99%         5
 Yara's Violent Unravell  Hex/Tmut       0%         3d3       99%         5
 Conjure Ball Lightning   Conj/Air       0%         3x3d6     100%        6
 Death Channel            Necr           0%         N/A       100%        6
 Starburst                Conj/Fire      0%         6d3       100%        6
 Summon Cactus Giant      Summ           0%         N/A       100%        6
 Orb of Destruction       Conj           0%         9d5       100%        7
 Lehudib's Crystal Spear  Conj/Erth      0%         10d2      100%        8
 Maxwell's Capacitive Co  Air            0%         ∞         100%        8
 Animate Armour           Summ/Erth      Unusable   N/A       N/A         4
 Simulacrum               Ice/Necr       Unusable   N/A       N/A         6

Dungeon Overview and Level Annotations

Branches:
Dungeon (15/15)            Temple (1/1) D:4            Lair (5/5) D:9
  Swamp (4/4) Lair:3        Snake (4/4) Lair:2        Slime (0/5) Lair:5
    Orc (2/2) D:9             Elf (2/3) Orc:2        Vaults (4/5) D:13
  Crypt (0/3) Vaults:3     Depths (1/4) D:15          IceCv (visited)
 WizLab (visited)

Altars:
Ashenzari
Cheibriados
Dithmenos
Elyvilon
Fedhas
Gozag
Hepliaklqana
Kikubaaqudgha
Makhleb
Nemelex Xobeh
Okawaru
Qazlal
Ru
Sif Muna
Trog
Uskayaw
Vehumet
Wu Jian
Xom
Yredelemnul
Zin
The Shining One
Jiyva

Shops:
D:2 !   D:4 *?:(   D:9 ==[===   D:10 =   D:14 [   Orc:1 *   Orc:2 *[=(
Elf:1 :   Snake:1 [   Snake:4 :[   Vaults:1 *   Vaults:3 [   Vaults:4 (

Portals:
Hell: Depths:1
Trove: D:13 (give horn of Geryon)

Annotations:
Lair:5 1 runed translucent door


Innate Abilities, Weirdness & Mutations

You are an enormous anaconda.
You have a powerful constriction melee attack.
Your maximum health is increased.
Your armour is entirely melded.
You are incapable of wielding weapons or throwing items.
You cannot wear most types of armour.
You are amphibious.
You can wear up to eight rings at the same time.
((Your skin changes colour to match your surroundings (Stealth+).))
((Your rubbery body absorbs attacks. (AC +1, EV +1)))
((You are camouflaged when in or above water. (Stealth+)))
((You have tentacles for arms and can constrict up to eight enemies at once.))


Message History

The +2 heavy mace turns to gold and falls from the air.
The deep elf knight gestures at you while chanting.
The shard of ice misses you.
The +7 halberd of venom hits you but does no damage.
The +5 bardiche of flaming misses you.
You body-slam the +3 hand axe of freezing!!
The +3 hand axe of freezing turns to gold and falls from the air.
The +7 halberd of venom closely misses you.
You hit the deep elf knight but do no damage.
Your grab misses the deep elf knight.
The deep elf knight completely misses you.
The +5 bardiche of flaming hits you from afar!!
* * * LOW HITPOINT WARNING * * *
You miss the deep elf knight. Your grab misses the deep elf knight.
The +7 halberd of venom hits you from afar.
* * * LOW HITPOINT WARNING * * *
The deep elf knight casts a spell at you.
The shard of ice misses you.
The deep elf knight attacks as you move away!
The deep elf knight misses you.
A +2 executioner's axe of venom comes into view.
The +7 halberd of venom hits you from afar.
* * * LOW HITPOINT WARNING * * *
You are poisoned.
The +7 halberd of venom is distracted by your dazzling golden aura.
As you read the scroll of teleportation, it crumbles to dust.
You feel strangely unstable.
You feel very sick.
The +7 halberd of venom is no longer distracted by gold.
The deep elf knight gestures at you while chanting.
The shard of ice misses you.
The +5 bardiche of flaming hits you from afar!
* * * LOW HITPOINT WARNING * * *
The +7 halberd of venom barely misses you.
The deep elf knight is distracted by your dazzling golden aura.
You feel sick.
The deep elf knight is no longer distracted by gold.
The +5 bardiche of flaming hits you from afar!!
You die...
Your body crumbles into a pile of gold.

,,,,,*,,,..#...$....#..# #.....'.
,,,,*,,,,...#..$e..#...# #.....'.
,,,*,,,,,....#.((.#....###''####.
,,*,,,,,,.....#(.#.....##......#)
**,,,,,,,......##e.....##........
**,,,,,,,......##$.....##^.......
,,*,,,,,,....(#(e#(....##.......#
,,,*,,,,,....#.$.$#....##....[..#
,,,,*,,,,,..#...S..#...##.......#
,,,,,*,,,,,#........#..##.......'
,,,,,,*,,,#..........#.##.......#
,,,,,,,**#............####'######
,,,,,,,* #............# #.######
,,,,,,.###............####.......
,,,,,.#...#..........#.##........
,,,,,#.....#........#..##.###..##
,,,,*.......#......#...##.# #..#


You could see a deep elf knight (fast, invisible, unaware), a deep elf
pyromancer and 3 dancing weapons.

Vanquished Creatures
  Bai Suzhen (Vaults:3)
  Xtahua (Vaults:2)
  Nikola (Snake:1)
  Rupert (D:14)
  Asterion (Elf:2)
  Jorgrun (Snake:1)
  The ghost of Moesucla the Severer, an adept DsGl of Jiyva (Vaults:3)
  A walking earthen tome (WizLab)
  A quicksilver dragon (Vaults:3)
  4 sphinxes (Vaults:4)
  A shadow dragon (Vaults:3)
  A storm dragon (Vaults:4)
  A tengu reaver (Vaults:3)
  Roxanne (Swamp:3)
  Aizul (Swamp:3)
  A fenstrider witch (Swamp:2)
  3 nagarajas (Snake:4)
  A revenant (Vaults:3)
  A strange machine (WizLab)
  A fire giant (Vaults:3)
  16 vault wardens
  A deep elf sorcerer (Elf:1)
  3 orc warlords
  2 formless jellyfish
  14 ironbound preservers
  2 stone giants (Vaults:3)
  A very ugly thing (Vaults:3)
  2 ironbound thunderhulks
  4 war gargoyles
  6 eleionomae
  2 deep elf annihilators
  6 bunyips
  9 dire elephants
  2 deep elf death magi (Vaults:3)
  5 ettins
  2 crystal guardians (Vaults:3)
  A deep elf high priest (Elf:2)
  A jiangshi (Vaults:3)
  4 great orbs of eyes
  A fire dragon (D:14)
  2 entropy weavers
  13 yaktaur captains
  Fannar (Lair:2)
  7 vault guards
  Erolcha (D:9)
  7 rakshasas
  5 ghost crabs
  The ghost of trueblamed the Fighter, a journeyman DjCj of the Shining One (D:10)
  An ogre mage (D:10)
  9 centaur warriors
  21 hydras
  13 anacondas
  3 catoblepae
  18 alligators
  3 salamander tyrants (Snake:4)
  4 peacekeepers
  A death knight (D:14)
  4 two-headed ogres
  31 dancing weapons
  Erica (D:10)
  11 ironbound frosthearts
  5 boulder beetles
  11 death yaks
  A tengu warrior (D:11)
  13 naga warriors
  16 naga sharpshooters
  3 orc high priests
  9 shock serpents
  5 deep elf knights (Elf:2)
  4 skeletal warriors (D:13)
  2 skysharks
  3 salamander mystics (Snake:4)
  5 goliath frogs
  A shadow wraith (D:14)
  5 spriggan druids
  39 deep trolls
  A death drake (Swamp:4)
  2 glowing orange brains
  24 slime creatures
  7 swamp dragons
  2 bog bodies (Swamp:2)
  3 deep elf archers
  11 ironbound convokers
  6 naga ritualists
  14 lindwurms
  9 wizards
  28 deep elf pyromancers
  2 necromancers (Vaults:3)
  A tengu zombie (Vaults:3)
  7 orc knights
  28 ugly things
  7 mana vipers
  3 will-o-the-wisps
  16 deep elf zephyrmancers
  5 orc sorcerers
  25 salamanders
  3 manticores
  7 cyclopes
  33 black mambas
  Maurice (Orc:2)
  18 elephants
  An elf zombie (Vaults:3)
  An ice statue (IceCv)
  11 vault sentinels
  6 guardian serpents
  8 cane toads
  17 naga magi
  2 torpor snails
  A cane toad (shapeshifter) (D:15)
  A gargoyle (D:11)
  An unseen horror (D:12)
  2 rime drakes
  4 tengu conjurers
  3 efreet
  10 komodo dragons
  A spectral skyshark (Lair:3)
  39 yaktaurs
  A komodo dragon (shapeshifter) (D:15)
  9 trolls
  14 polar bears
  5 tyrant leeches
  A meliai (D:10)
  Prince Ribbit (D:5)
  9 hornets
  2 wind drakes (shapeshifter) (D:14)
  Grinder (D:4)
  A spectral dream sheep (Lair:3)
  8 dream sheep (Lair:5)
  18 blink frogs
  An air elemental (Elf:2)
  2 vampires
  Sigmund (D:5)
  A culicivora (Vaults:2)
  18 spriggans
  3 shadows
  80 yaks
  2 wyverns
  4 wraiths
  Eustachio (D:6)
  2 water elementals
  A steam dragon (D:6)
  4 basilisks
  5 redbacks
  4 wargs
  Menkaure (D:6)
  9 vampire mosquitoes
  16 swamp worms
  Edmund (D:6)
  45 nagas
  An acid dragon (D:12)
  13 water moccasins
  A spectral torpor snail (Lair:3)
  6 swamp drakes
  An ice beast (Vaults:2)
  27 orc warriors
  A spectral blink frog (Lair:3)
  6 black bears
  3 sky beasts
  3 ogres
  7 boggarts
  42 wolves
  5 centaurs
  A phantom (D:5)
  A spectral basilisk (Lair:3)
  A kobold brigand (D:10)
  An earth elemental (Elf:1)
  A gnoll sergeant (D:10)
  16 bullfrogs
  3 scorpions
  13 wights
  A human skeleton (Vaults:3)
  11 killer bees
  3 electric eels (D:8)
  2 howler monkeys
  4 hounds
  A jelly (D:6)
  14 orc priests
  6 iguanas
  27 orc wizards
  3 sleepcaps
  Ijyb (D:5)
  A hell rat (Lair:1)
  A boggart simulacrum (D:14)
  9 gnolls
  7 adders
  5 river rats (Lair:1)
  A white imp (D:7)
  An ufetubus (D:5)
  4 worms
  2 dart slugs
  58 orcs
  5 ball pythons
  8 bats
  9 endoplasms
  7 giant cockroaches
  4 goblins
  9 hobgoblins
  5 jackals
  9 kobolds
  3 quokkas
  4 frilled lizards
  19 rats
1427 creatures vanquished.

Vanquished Creatures (collateral kills)
  2 orc high priests (Orc:2)
  An orc knight (Orc:2)
  An orc sorcerer (Orc:2)
  An orc warrior (Orc:2)
  2 orc priests (Orc:2)
  An orc wizard (Orc:2)
  3 orcs (Orc:2)
11 creatures vanquished.

Vanquished Creatures (others)
  A wizard (Elf:1)
  A manticore (D:14)
  A bloated husk (Swamp:2)
  A hornet (Swamp:2)
  A spriggan (Swamp:2)
  A redback (Vaults:3)
  A human (D:9)
  An orc (Orc:2)
  14 foxfires
22 creatures vanquished.

Grand Total: 1460 creatures vanquished

Notes
Turn   | Place    | Note
-------+----------+-------------------------------------------
     0 | D:1      | Omnilove the Octopode Shapeshifter began the quest for the
                  | Orb.
     0 | D:1      | Reached XP level 1. HP: 13/13 MP: 1/1
    91 | D:1      | Reached XP level 2. HP: 18/18 MP: 2/2
    95 | D:1      | Got the Almanac of Rotation
   310 | D:1      | Found a faded altar of an unknown god.
   463 | D:1      | Reached XP level 3. HP: 23/23 MP: 3/3
   745 | D:2      | Found Ulegucre's Distillery.
   985 | D:2      | Reached XP level 4. HP: 29/29 MP: 4/4
  1914 | D:3      | Reached XP level 5. HP: 16/34 MP: 5/5
  2116 | D:4      | Noticed Grinder
  2121 | D:4      | Killed Grinder
  2122 | D:4      | Reached skill level 5 in Shapeshifting
  2122 | D:4      | Reached XP level 6. HP: 23/39 MP: 6/6
  2227 | D:4      | Found a staircase to the Ecumenical Temple.
  2283 | Temple   | Entered the Ecumenical Temple
  2331 | D:4      | Reached XP level 7. HP: 21/44 MP: 7/7
  2479 | D:4      | Found Vaistr Dudo's Assorted Antiques.
  2639 | D:4      | Found Hoxkoh's Book Shoppe.
  2660 | D:4      | Found Ipsue's Weapon Emporium.
  2722 | D:4      | Found The Oracle's Delphic Readings.
  2786 | D:5      | Entered Level 5 of the Dungeon
  2967 | D:5      | Noticed Sigmund
  3016 | D:5      | Noticed Ijyb
  3017 | D:5      | Paralysed by Ijyb for 4 turns
  3026 | D:5      | Paralysed by Ijyb for 2 turns
  3028 | D:5      | Killed Ijyb
  3111 | D:5      | Found a shimmering altar of Xom.
  3112 | D:5      | Found an opulent altar of Gozag.
  3261 | D:5      | Became a worshipper of Gozag Ym Sagoz the Greedy
  3329 | D:4      | Bought a runed coral ring for 110 gold pieces
  3543 | D:5      | Noticed a troll
  3597 | D:6      | Reached XP level 8. HP: 50/50 MP: 8/8
  3821 | D:6      | Noticed Edmund
  3833 | D:6      | Killed Edmund
  3857 | D:6      | Noticed Menkaure
  3949 | D:7      | Found a hazy altar of Hepliaklqana.
  4597 | D:5      | Noticed Prince Ribbit
  4696 | D:5      | Reached XP level 9. HP: 54/54 MP: 9/9
  4751 | D:5      | Reached skill level 4 in Unarmed Combat
  5064 | D:5      | Killed Prince Ribbit
  5263 | D:6      | Killed Menkaure
  5470 | D:6      | Reached skill level 5 in Unarmed Combat
  5580 | D:6      | Noticed Eustachio
  5605 | D:6      | Killed Eustachio
  5888 | D:7      | Found a hide-covered altar of Uskayaw.
  6484 | D:7      | Found an ornate altar of the Wu Jian Council.
  6519 | D:7      | Reached skill level 6 in Unarmed Combat
  6890 | D:8      | HP: 1/69 [electric eel/bolt of electricity (5)]
  7272 | D:8      | Reached XP level 10. HP: 62/63 MP: 10/10
  7511 | D:5      | Reached skill level 10 in Shapeshifting
  7649 | D:4      | Bought a scroll of fog for 52 gold pieces
  7706 | D:2      | Bought a potion of degeneration for 12 gold pieces
  7706 | D:2      | Bought a potion of invisibility for 96 gold pieces
  7706 | D:2      | Bought a potion of curing for 36 gold pieces
  7706 | D:2      | Bought a potion of curing for 36 gold pieces
  7797 | D:5      | Killed Sigmund
  7892 | D:9      | Found a staircase to the Lair.
  7897 | D:9      | Noticed a two-headed ogre
  7985 | D:8      | Reached skill level 7 in Unarmed Combat
  8028 | D:9      | Reached skill level 5 in Dodging
  8390 | D:9      | Noticed Erolcha
  8543 | D:9      | Reached skill level 5 in Fighting
  8564 | D:9      | Found an ancient bone altar of Kikubaaqudgha.
  8686 | D:9      | Found a basalt altar of Yredelemnul.
  8726 | D:9      | Found a burning altar of Makhleb.
  8726 | D:9      | Noticed a cacodemon
  8949 | D:9      | Reached skill level 8 in Unarmed Combat
  9237 | D:10     | Entered Level 10 of the Dungeon
  9469 | D:10     | Reached skill level 1 in Stealth
  9491 | D:10     | Reached XP level 11. HP: 68/72 MP: 11/11
  9588 | D:10     | Noticed a two-headed ogre
  9684 | D:10     | Noticed Erica
  9921 | D:9      | Killed Erolcha
  9949 | D:9      | Reached skill level 9 in Unarmed Combat
  9992 | D:9      | Found a staircase to the Orcish Mines.
 10221 | D:9      | Killed a two-headed ogre
 10640 | D:10     | Killed Erica
 10901 | D:10     | Noticed a two-headed ogre
 10906 | D:10     | Noticed a two-headed ogre
 10918 | D:10     | Killed a two-headed ogre
 11010 | D:10     | Killed a two-headed ogre
 11103 | D:10     | Found a runed translucent gate.
 11103 | D:10     | Found a runed translucent gate.
 11103 | D:10     | Found a runed translucent gate.
 11139 | D:10     | Noticed a yaktaur captain
 11140 | D:10     | Noticed trueblamed's ghost (journeyman DjCj)
 11142 | D:10     | Noticed an ogre mage
 11370 | D:10     | Killed a two-headed ogre
 11556 | D:10     | Bought a +5 ring of evasion for 396 gold pieces
 11638 | D:11     | Reached skill level 10 in Unarmed Combat
 11641 | D:11     | Reached skill level 5 in Stealth
 11806 | D:11     | Found a stormy altar of Qazlal.
 11921 | D:11     | Noticed a cyclops
 11927 | D:12     | Found a bloodstained altar of Trog.
 11991 | D:11     | Noticed a manticore
 12013 | D:11     | Killed a manticore
 12229 | D:11     | Reached XP level 12. HP: 39/81 MP: 12/12
 12533 | D:10     | Bought an amulet of regeneration for 330 gold pieces
 12593 | Lair:1   | Entered Level 1 of the Lair of Beasts
 12670 | Lair:1   | Reached skill level 11 in Unarmed Combat
 12774 | Lair:1   | Found a frozen archway.
 12780 | IceCv    | Entered an ice cave
 13221 | IceCv    | Found the +8 frozen axe "Frostbite" {freeze, freezing
                  | cloud, *Noise Fly rC+}
 13230 | IceCv    | Noticed a death yak
 13249 | IceCv    | Killed a death yak
 13250 | IceCv    | Reached skill level 12 in Unarmed Combat
 13269 | IceCv    | Noticed an ironbound frostheart
 13269 | IceCv    | Noticed a death yak
 13304 | IceCv    | Noticed an ironbound frostheart
 13316 | IceCv    | Killed an ironbound frostheart
 13320 | IceCv    | Killed an ironbound frostheart
 13321 | IceCv    | Reached XP level 13. HP: 89/89 MP: 13/13
 13359 | IceCv    | Identified the +6 battleaxe "Plog" {speed, rN+}
 14283 | Lair:1   | Reached skill level 13 in Unarmed Combat
 14541 | D:10     | Bought a ring of protection from cold for 275 gold pieces
 14541 | D:10     | Bought a +6 ring of strength for 396 gold pieces
 14620 | Lair:2   | Noticed Fannar
 14770 | Lair:2   | Reached skill level 1 in Evocations
 14883 | Lair:2   | Got the Cyclopedia of Meteoric Incineration
 15061 | Lair:2   | Found a staircase to the Snake Pit.
 15146 | Lair:2   | Reached XP level 14. HP: 78/98 MP: 14/14
 15306 | Lair:2   | Killed Fannar
 15307 | Lair:2   | Reached skill level 10 in Dodging
 15461 | Lair:2   | Reached skill level 14 in Unarmed Combat
 15835 | Lair:3   | Reached skill level 10 in Fighting
 16691 | Lair:3   | Found a staircase to the Swamp.
 17702 | Lair:4   | Reached skill level 5 in Evocations
 18078 | Lair:5   | Entered Level 5 of the Lair of Beasts
 18460 | Lair:5   | Reached skill level 15 in Unarmed Combat
 18560 | Lair:5   | Found a runed translucent door.
 18565 | Lair:5   | Reached XP level 15. HP: 103/105 MP: 15/15
 18618 | Lair:5   | Found a viscous altar of Jiyva.
 18620 | Lair:5   | Found a staircase to the Slime Pits.
 18620 | Lair:5   | Noticed an acid blob
 18620 | Lair:5   | Noticed an acid blob
 18620 | Lair:5   | Noticed an acid blob
 21178 | D:13     | Found a gate to the Vaults.
 21353 | D:13     | Reached skill level 16 in Unarmed Combat
 21397 | D:13     | Found a portal to a secret trove of treasure.
 21468 | D:13     | Found an ornate altar of the Wu Jian Council.
 21854 | D:14     | Noticed Rupert
 22101 | D:14     | Reached XP level 16. HP: 110/114 MP: 16/16
 23062 | D:10     | Paralysed by an ogre mage for 2 turns
 23127 | D:10     | Killed trueblamed's ghost
 23262 | D:10     | Found Manaupyt's Jewellery Shoppe.
 23720 | Orc:1    | Entered Level 1 of the Orcish Mines
 23723 | Orc:1    | Found Itok's CLEARANCE SALE!.
 23731 | Orc:1    | Bought a potion of haste for 40 gold pieces
 23890 | Orc:2    | Entered Level 2 of the Orcish Mines
 24531 | Orc:2    | Noticed Maurice
 24542 | Orc:2    | Killed Maurice
 24559 | Orc:2    | Found a staircase to the Elven Halls.
 24830 | Orc:2    | Paralysed by an orc sorcerer for 2 turns
 25522 | Orc:2    | Found Lypsal's Antique Armour Shop.
 25523 | Orc:2    | Found Hegh's Antique Weapon Boutique.
 25525 | Orc:2    | Found Yrule's General Store.
 25525 | Orc:2    | Found Kyqel's Jewellery Shop.
 25531 | Orc:2    | Bought the ring of Ruklyi {rC+ rCorr Str+5 SInv} for 679
                  | gold pieces
 25604 | Orc:2    | Bought a +4 ring of protection for 468 gold pieces
 25740 | D:9      | Bought the ring "Lobuaf" {rPois rF+ Int-2 Dex+2} for 680
                  | gold pieces
 25944 | D:14     | Found Vusmejog's Superior Scales.
 26064 | D:14     | Paralysed by Rupert for 3 turns
 26073 | D:14     | Killed Rupert
 26074 | D:14     | Reached skill level 17 in Unarmed Combat
 26230 | D:14     | Got Sif Muna's Book of the Arenous Shapeshifter
 26367 | D:14     | Reached skill level 10 in Stealth
 26902 | D:15     | Entered Level 15 of the Dungeon
 27351 | D:15     | Found a glowing golden altar of the Shining One.
 27351 | D:15     | Found a white marble altar of Elyvilon.
 27351 | D:15     | Found a glowing silver altar of Zin.
 27843 | D:15     | Found a staircase to the Depths.
 27913 | Depths:1 | Entered Level 1 of the Depths
 27913 | Depths:1 | Found a gateway to Hell.
 28280 | Swamp:1  | Entered Level 1 of the Swamp
 28383 | Swamp:1  | Reached XP level 17. HP: 121/121 MP: 17/17
 29306 | Swamp:2  | Reached skill level 18 in Unarmed Combat
 29903 | Swamp:3  | Noticed Aizul
 29912 | Swamp:3  | Killed Aizul
 30301 | Swamp:3  | Noticed Roxanne
 30321 | Swamp:3  | Killed Roxanne
 30510 | Swamp:4  | Entered Level 4 of the Swamp
 30806 | Swamp:4  | Reached XP level 18. HP: 129/129 MP: 18/18
 30947 | Swamp:4  | Got a decaying rune of Zot
 31263 | D:9      | Bought the ring of the Hare {EV+10} for 2048 gold pieces
 31263 | D:9      | Found the ring of the Hare {EV+10}
 31276 | D:9      | Bought the amulet of Iniu {Will+ Regen+} for 852 gold
                  | pieces
 31339 | Snake:1  | Entered Level 1 of the Snake Pit
 31339 | Snake:1  | Noticed Jorgrun
 31539 | Vaults:1 | Entered Level 1 of the Vaults
 31960 | Vaults:1 | Found Agugra's General Store.
 32198 | Vaults:1 | Reached skill level 19 in Unarmed Combat
 33759 | Vaults:2 | Noticed Xtahua
 33786 | Vaults:2 | Killed Xtahua
 33787 | Vaults:2 | Reached skill level 15 in Shapeshifting
 33903 | Vaults:2 | Reached XP level 19. HP: 137/137 MP: 19/19
 34762 | Vaults:3 | Found a staircase to the Crypt.
 35271 | Vaults:3 | Noticed Bai Suzhen
 35468 | Vaults:3 | Killed Bai Suzhen
 35663 | Vaults:3 | Reached skill level 15 in Dodging
 35697 | Vaults:3 | Reached skill level 15 in Fighting
 36013 | Vaults:3 | Found a runed translucent gate.
 36022 | Vaults:3 | Found a runed translucent gate.
 36023 | Vaults:3 | Noticed Moesucla's ghost (adept DsGl)
 36026 | Vaults:3 | Found a runed translucent gate.
 36027 | Vaults:3 | Identified the ring of Qackiwul {rElec Will- MP+9 Int+3}
 36059 | Vaults:3 | Found the +5 Storm Queen's Shield {shock, Fly rElec}
 36156 | Vaults:3 | Found Vuin's Armour Shop.
 36528 | Vaults:3 | Reached skill level 20 in Unarmed Combat
 36721 | Vaults:3 | Reached XP level 20. HP: 133/145 MP: 20/20
 36972 | Vaults:3 | Killed Moesucla's ghost
 37155 | Vaults:4 | Reached skill level 10 in Evocations
 37590 | Vaults:4 | Identified a scroll of acquirement
 37591 | Vaults:4 | Acquired 962 gold pieces
 37713 | Vaults:4 | Found Jipp's Weapon Shoppe.
 38587 | D:9      | Bought the ring of Zuyneluh {rF+++ Str+7 Dex+6} for 1483
                  | gold pieces
 38591 | D:9      | Bought the ring "Kithriynt" {rPois Str+5} for 600 gold
                  | pieces
 38680 | Snake:1  | Killed Jorgrun
 38866 | Snake:1  | Found Fibli's Antique Armour Shoppe.
 38886 | Snake:1  | Noticed Nikola
 38944 | Snake:1  | Killed Nikola
 39011 | Snake:1  | Identified the +7 leather armour "Saublacs" {Harm +Blink
                  | rN+}
 40784 | Snake:3  | Reached XP level 21. HP: 154/154 MP: 21/21
 41843 | Snake:4  | Entered Level 4 of the Snake Pit
 41953 | Snake:4  | Reached skill level 21 in Unarmed Combat
 42079 | Snake:4  | Found Kacor's Armour Shoppe.
 42079 | Snake:4  | Found Haxi's Book Emporium.
 42101 | Snake:4  | Identified the +7 plate armour of Philately {rElec rPois
                  | Dex+4}
 43015 | Snake:4  | Got a serpentine rune of Zot
 43370 | D:9      | Bought the ring "Raoromn" {Will+ Str+3} for 651 gold pieces
 43371 | D:9      | Bought the ring of Beybeh {rPois rC+ rN+ Int+6 Dex-4} for
                  | 950 gold pieces
 43762 | Elf:1    | Entered Level 1 of the Elven Halls
 44177 | Elf:1    | Found Iniusig's Book Emporium.
 44703 | Elf:2    | Found a magical portal.
 44707 | WizLab   | Entered Tukima's Studio
 44731 | WizLab   | Identified the +8 longbow "Boacwasch" {speed, Dex+2}
 44733 | WizLab   | Identified the +4 hand crossbow of an ossuary {speed,
                  | *Corrode Int+6 Stlth+}
 44958 | WizLab   | Identified the +0 hat "Gigiut" {rF+}
 44975 | WizLab   | Identified the +1 pair of gloves of Wrong Decisions {Will+
                  | Int+3}
 45069 | Elf:2    | Reached XP level 22. HP: 162/162 MP: 22/22
 45209 | Elf:2    | Found a radiant altar of Vehumet.
 45428 | Elf:2    | Noticed Asterion
 45436 | Elf:2    | Killed Asterion
 45641 | Elf:2    | Found a runed translucent gate.
 45641 | Elf:2    | Found a runed translucent gate.
 45641 | Elf:2    | Found a runed translucent gate.
 45848 | Elf:2    | Slain by a +5 bardiche of flaming

Illustrated notes

Levels and vault maps discovered:
D:1:      minmay_arrival_three_doors, layout_rooms, basic_ecumenical_altar
D:2:      layout_loops_ring, serial_shops, nicolae_shop_advertising_works
          [nicolae_subvault_shop_adworks]
D:3:      layout_basic
D:4:      nicolae_cairo_tiling_large_dashed, layout_rooms,
          minmay_temple_entry_statues_pillars, serial_shops, shop, shop,
          nicolae_shop_tiny_waterfront, grunt_decor_junction,
          nicolae_nh_oracle_at_delphi, uniq_grinder
D:5:      minmay_chambers_of_fours, layout_basic,
          mainiacjoe_overflow_divided_tiny, uniq_ijyb, uniq_prince_ribbit1,
          uniq_sigmund
D:6:      layout_rooms, st_stairs_7, uniq_edmund, uniq_eustachio, uniq_menkaure
D:7:      layout_basic, overflow_temple_1_default, general_overflow_altar,
          nicolae_uskayaw_dance_hall, serial_glass, glass_columns_a,
          glass_columns_a, glass_columns_a, glass_columns_b, glass_columns_a,
          glass_columns_c, glass_columns_b, glass_columns_c, glass_columns_a,
          glass_columns_b, glass_columns_a, glass_columns_b, glass_columns_a,
          glass_columns_b, grunt_ogre_cave
D:8:      layout_rooms, disabler_island
D:9:      layout_loops_ring, tgw_kikubaaqudgha, makhleb_altar_promises_db,
          lemuel_round_altar, lair_entry_dummy, erik_orc_3, uniq_erolcha
D:10:     layout_basic, gammafunk_ghost_split, uniq_erica
D:11:     layout_basic, chequers_avenue, grunt_qazlal_clouds
D:12:     layout_loops_ring, bloody_trog
D:13:     layout_roguey, skrybe_vaults_entry_preservation,
          nicolae_trove_entry_free_sample, nicolae_wu_jian_wuxing_cycle
D:14:     minmay_the_grid_square_5x5_4x4_mashed
          [minmay_the_grid_square_5x5_intrusive_squares,
          minmay_the_grid_square_5x5_bracketed,
          minmay_the_grid_square_5x5_shrine1,
          minmay_the_grid_square_5x5_trominoes, minmay_the_grid_square_5x5_bite,
          minmay_the_grid_square_5x5_prize_deathbox,
          minmay_the_grid_square_5x5_prize_pseudospiral,
          minmay_the_grid_square_5x5_plus, minmay_the_grid_square_5x5_two_small,
          minmay_the_grid_square_5x5_prize_itemx,
          minmay_the_grid_square_5x5_prize_junk,
          minmay_the_grid_square_5x5_fat_x, minmay_the_grid_square_5x5_n,
          minmay_the_grid_square_5x5_two_walls_a,
          minmay_the_grid_square_5x5_three_small,
          minmay_the_grid_square_5x5_tri_point], layout_stronghold,
          minmay_misc_feat_roman, hellmonk_scale_shop, uniq_rupert
D:15:     gammafunk_enter_depths_forms, layout_loops_corners,
          good_gods_mini_temple
Temple:   nicolae_temple_two_arcs
Lair:1:   layout_chaotic_city, portal_ice_cave_entry_pillars_2,
          kennysheep_abandoned_house
Lair:2:   layout_chaotic_city, minmay_snake_entry_spellcaster,
          grunt_megastairs_2, serial_bayou_shore_b, uniq_fannar
Lair:3:   layout_cave_pods, nicolae_swamp_entry_spooky, grunt_megastairs_1,
          infiniplex_staircase_pool, serial_bayou_shore_b
Lair:4:   layout_regular_city
Lair:5:   minmay_lair_end_enchanted_forest, layout_misc_corridors,
          slime_entry_2, grunt_megastairs_4, infiniplex_staircase_pool_2
Swamp:1:  layout_basic_swamp, evilmike_swamp_ruin_house_3
Swamp:2:  layout_basic_swamp, evilmike_swamp_ruin_rubble_2, swamp_pool3
Swamp:3:  layout_falls_marsh, serial_swamp_ruin, evilmike_swamp_ruin_house_6,
          evilmike_swamp_ruin_house_4, evilmike_swamp_ruin_rubble_1,
          uniq_roxanne, uniq_aizul
Swamp:4:  swamp, layout_basic_swamp, hangedman_swamp_diagram
Snake:1:  layout_layer_cave, serial_shops, nicolae_shop_statue_plus,
          uniq_nikola, uniq_jorgrun
Snake:2:  layout_misc_corridors
Snake:3:  layout_grid_maze, st_stairs_10
Snake:4:  grunt_snake_rune_pools, layout_cave_town, minmay_shoptagon,
          lemuel_fruit_tree
Orc:1:    layout_caves, nicolae_shop_clearance
Orc:2:    st_orc_congregation, layout_diamond_mine, uniq_maurice
Elf:1:    minmay_elf_arrival_circle, layout_gridlike, serial_shops, shop,
          hangedman_elf_disciples
Elf:2:    nicolae_elf_blades_splatter_lattice [nooodl_blade_entry_preview],
          layout_gridlike, basic_altar, mu_enter_wizlab_7,
          nicolae_concentric_dashed_squares_wild, uniq_asterion
Vaults:1: nicolae_vaults_doubleplus_tesselated, vaults_room_pool,
          nicolae_vaults_puzzle_piece, nicolae_vaults_closet_pinwheel_2,
          nicolae_vaults_storage_room_glass, nicolae_vaults_house_2,
          ontoclasm_vaults_misaligned, nicolae_vaults_mini_display_case,
          nicolae_vaults_little_squares_4, nicolae_vaults_big_ls, v_misc_18,
          nicolae_vaults_tetromino_L_1, layout_vaults_big_room, serial_shops,
          nicolae_shop_hallway_plus
Vaults:2: vaults_mumra_minichess, nicolae_vaults_cochlea, serial_ice_m,
          nicolae_vaults_specimen_jars, ontoclasm_vaults_decontamination,
          nicolae_vaults_bisected_exclaves, v_rooms_6, nicolae_vaults_house_2,
          nicolae_vaults_shelves_hall, nicolae_vaults_tangram_2, v_misc_1,
          v_misc_25, nicolae_vaults_tetromino_L_1, layout_vaults_omnicross,
          uniq_xtahua
Vaults:3: gammafunk_ghost_split, grunt_vaults_trifunnel,
          nicolae_vaults_little_squares_6, dpeg_vaults_waves,
          minmay_crypt_entry_simple_walls, nicolae_vaults_closet_pinwheel_4,
          hangedman_vaults_maws, v_misc_9, v_alt_pattern_4,
          nicolae_vaults_taking_the_gang_shopping, vaults_dpeg_hooks,
          nicolae_vaults_trapezoid_3, nicolae_vaults_tetromino_T_2,
          nicolae_vaults_three_branches, layout_vaults_ring, uniq_bai_suzhen
Vaults:4: nicolae_vaults_offset_grid_hallway_2,
          nicolae_vaults_trapezoid_lopsided_2, nicolae_vaults_angled_halls,
          nicolae_vaults_c_with_doors, nicolae_vaults_more_shelving_2,
          v_pattern_1, hangedman_vaults_restitches, v_misc_12,
          vaults_dpeg_cross, hangedman_vaults_corner_blocks, v_misc_32,
          layout_vaults_maze, serial_shops, nicolae_lakefront_shop
Depths:1: layout_long_grid, enter_ziggurat_a, gammafunk_ghost_tricky_traps,
          hell_entry, abyss_entry_small_statue_room,
          chequers_serial_rivers_marsh, kennysheep_generic_room_2

Skill      XL: |  1  2  3  4  5  6  7  8  9 10 11 12 13 14 15 16 17 18 19 20 21 22 |
---------------+-------------------------------------------------------------------+-----
Shapeshifting  | 4 5 7 9 10 11 12 13 14 15 16 17 18 | 18.5
Fighting       | 4 5 7 8 9 10 11 12 13 14 15 16 17 | 17.0
Unarmed Combat | 6 8 10 12 13 15 16 17 18 19 20 21 | 21.2
Dodging        | 4 5 7 8 9 10 11 12 13 14 15 16 17 | 17.1
Stealth        | 1 5 8 10 | 10.0
Evocations     | 2 5 7 9 10 | 10.0

Action                     |  1- 3 |  4- 6 |  7- 9 | 10-12 | 13-15 | 16-18 | 19-21 | 22-24 || total
---------------------------+-------+-------+-------+-------+-------+-------+-------+-------++-------
  Melee: Unarmed           |    65 |    74 |   231 |   453 |   806 |   953 |  1152 |   115 ||  3849
         Constrict         |    22 |    17 |    42 |   105 |   142 |   198 |   255 |    19 ||   800
         Tentacles         |    15 |    11 |       |       |       |       |       |       ||    26
         Punch             |     3 |     2 |       |       |       |       |     7 |       ||    12
         Tailslap          |       |       |       |       |       |       |    13 |       ||    13
         Bite              |       |       |       |       |       |       |     3 |       ||     3
 Invoke: Call Merchant     |       |       |       |     1 |     1 |     2 |     3 |       ||     7
Ability: Breathe Fire      |       |       |       |       |       |       |     2 |       ||     2
  Evoke: Wand              |       |       |     1 |     3 |       |       |       |       ||     4
         Phial of floods   |       |       |       |       |       |     1 |       |       ||     1
         Tin of tremorston |       |       |       |       |       |     2 |       |       ||     2
         Phantom mirror    |       |       |       |       |       |       |     1 |       ||     1
    Use: Potion            |       |       |     1 |     2 |       |     6 |     1 |       ||    10
         Scroll            |       |       |       |    11 |     4 |    13 |     6 |     1 ||    35
   Stab: Sleeping          |    12 |     7 |     2 |     2 |    18 |    16 |    29 |     4 ||    90
         Distracted        |       |       |     1 |     7 |     2 |    10 |    15 |     2 ||    37
         Invisible         |       |       |       |     1 |       |     2 |     2 |       ||     5
 Armour: Skin              |     4 |     3 |   123 |    68 |   186 |   201 |   143 |    29 ||   757
  Dodge: Dodged            |    41 |    37 |   115 |   198 |   465 |   707 |  1150 |   116 ||  2829
   Form: Anaconda          |       |     1 |       |       |     1 |       |     1 |       ||     3
         Maw               |       |       |       |       |     1 |       |       |       ||     1
         Dragon            |       |       |       |       |       |       |     1 |       ||     1

Table legend: (Time is in decaauts)
 A = Elapsed time spent in this place.
 B = Non-inter-level travel time spent in this place.
 C = Inter-level travel time spent in this place.
 D = Time resting spent in this place.
 E = Time spent auto-exploring this place.
 F = Levels seen in this place.
 G = Mean time per level.
                   A        B        C        D        E       F      G
               +--------+--------+--------+--------+--------+-----+--------+
         Total |  44797 |  39264 |   5533 |   2415 |  24103 |  40 | 1119.9 |
       Dungeon |  19623 |  16281 |   3342 |   1517 |  10301 |  15 | 1308.2 |
        Temple |      1 |      1 |      0 |      0 |      0 |   1 |    1.0 |
          Lair |   6322 |   5503 |    819 |    170 |   3346 |   5 | 1264.4 |
         Swamp |   2744 |   2560 |    184 |    287 |   1526 |   4 |  686.0 |
     Snake Pit |   4481 |   4238 |    243 |      0 |   3354 |   4 | 1120.2 |
  Orcish Mines |   2255 |   1789 |    466 |     62 |    364 |   2 | 1127.5 |
   Elven Halls |   1703 |   1621 |     82 |      0 |   1273 |   2 |  851.5 |
        Vaults |   6573 |   6178 |    395 |    339 |   3704 |   4 | 1643.2 |
        Depths |      1 |      1 |      0 |      0 |      0 |   1 |    1.0 |
      Ice Cave |    810 |    810 |      0 |     40 |     98 |   1 |  810.0 |
        Wizlab |    279 |    279 |      0 |      0 |    136 |   1 |  279.0 |
               +--------+--------+--------+--------+--------+-----+--------+

Top non-repeatable levels by time:
    D:10: 2533 daAuts
     D:9: 2308 daAuts
Vaults:3: 2087 daAuts
   Orc:2: 1830 daAuts
     D:5: 1705 daAuts
Vaults:2: 1632 daAuts
Vaults:1: 1627 daAuts
    D:11: 1619 daAuts
  Lair:3: 1465 daAuts
     D:7: 1452 daAuts
    D:14: 1432 daAuts
    D:13: 1424 daAuts
  Lair:2: 1387 daAuts
 Snake:1: 1376 daAuts
 Snake:4: 1301 daAuts
